AoeStats
← theoneandonlybuzzer

African Clearing

510355669Analyzed
2v2 RM · 2d ago on Sep 30, 2026· 41m 41s· 4 players
Game mode
Random Map
Map size
Medium (4 player)
Population
200
Speed
Normal
Resources
Standard
Victory
Conquest
Starting age
Dark Age
Ending age
Imperial Age
RankedLock teamsTeams togetherTeam positionsShared explorationLock speedFull tech treeHidden civsTurbo modeCheats
Victory
Defeat
🇳🇴 Dravidians · Norway
1052
+18
🇹🇷 Magyars · Türkiye
1040
+19
🇩🇪 Franks · Germany
1104
-19
🇦🇷 Vietnamese · Argentina
1091
-18
Gederico
9:17 Loom
13:02 Feudal Age
17:10 Fletching
20:39 Wheelbarrow
24:02 Castle Age
22:08 Double-Bit Axe
22:19 Gold Mining
22:44 Arson
26:20 Bow Saw
37:09 Scale Mail Armor
38:17 Forging
40:39 Chain Mail Armor
theoneandonlybuzzer
4:38 Loom
13:30 Feudal Age
14:30 Town Watch
19:43 Castle Age
19:30 Double-Bit Axe
23:51 Fletching
24:01 Padded Archer Armor
26:58 Scale Barding Armor
28:44 Husbandry
30:38 Bodkin Arrow
30:44 Padded Archer Armor
32:32 Gold Mining
32:32 Stone Mining
37:40 Imperial Age
36:12 Wheelbarrow
37:07 Gold Shaft Mining
36:23 Stone Mining
36:48 Bow Saw
37:23 Forging
37:56 Masonry
38:18 Cavalier
Mumcuakon
3:16 Loom
13:13 Feudal Age
15:48 Horse Collar
21:06 Castle Age
30:23 Scale Barding Armor
33:33 Heavy Plow
40:03 Imperial Age
39:09 Chain Barding Armor
39:03 Double-Bit Axe
qru
3:59 Loom
16:05 Feudal Age
16:49 Double-Bit Axe
17:17 Gold Mining
17:38 Fishing Lines
20:30 Stone Mining
23:18 Castle Age
21:57 Forging
22:53 Horse Collar
25:28 Heavy Plow
27:26 Wheelbarrow
27:52 Bow Saw
27:17 Pikeman
27:58 Squires
29:52 Thumb Ring
29:57 Fletching
31:40 Bodkin Arrow
31:46 Padded Archer Armor
33:01 Hand Cart
35:25 Husbandry
35:57 Leather Archer Armor
35:31 Town Watch
36:20 Medical Corps
37:15 Ballistics
40:54 Imperial Age
40:37 Murder Holes
Connection lost

Rejoining the realm…

Still unreachable

The connection could not be restored.

Session expired

The server has moved on; the page needs a fresh start.